 Dungeon Crawl Stone Soup version 0.31-a0-986-g5e6e4ef867 (webtiles) character file.

Game seed: 13439858346091673132

50568 oldriver the Warrior (level 14, 0/123 HPs)
             Began as a Mummy Fighter on Nov 13, 2023.
             Was an Elder of Okawaru.
             Slain by a +3 long sword (6 damage)
             ... on level 12 of the Dungeon.
             The game lasted 00:36:25 (22400 turns).

oldriver the Warrior (Mummy Fighter)               Turns: 22400, Time: 00:36:26

Health: 0/123      AC: 30    Str: 25    XL:     14   Next: 20%
Magic:  18/20      EV: 11    Int:  7    God:    Okawaru [****..]
Gold:   1243       SH: 11    Dex: 11    Spells: 13/13 levels left

rFire   . . .        a - +2 whip (vamp)
rCold   + + .        G - +0 kite shield {rC+}
rNeg    + + +        e - +5 chain mail "Xeowigam" {rPois}
rPois   ∞            x - +0 hat of Enniud {rN+ Will+}
rElec   .            b - +2 cloak {Will+}
rCorr   .            h - +2 pair of gloves
SInv    .            D - +0 pair of boots
Will    +++..        H - amulet of the acrobat Stlth
                     i - +4 ring of protection
HPRegen 0.40/turn    u - ring of protection from fire
MPRegen 0.17/turn

%: acrobat, faith
@: about to teleport, heroic, studying Ice Magic
A: cold resistance 1, negative energy resistance 3, torment resistance 2, heat
vulnerability 1, in touch with death 2, no potions, faith
a: Renounce Religion, Heroism, Finesse


You were on level 12 of the Dungeon.
You worshipped Okawaru.
Okawaru was greatly pleased with you.
You visited 3 branches of the dungeon, and saw 18 of its levels.
You also visited: Ice Cave.

You collected 1723 gold pieces.
You spent 480 gold pieces at shops.

Inventory:

Hand Weapons
 a - a +2 vampiric whip (weapon)
Missiles
 y - 6 curare-tipped darts
 z - 6 datura-tipped darts
 B - 4 poisoned darts
Armour
 b - a +2 cloak of willpower (worn)
 e - the +5 chain mail "Xeowigam" (worn) {rPois}
   (You found it on level 5 of the Dungeon)

   rPois:     It protects you from poison
 h - a +2 pair of gloves (worn)
 x - the +0 hat of Enniud (worn) {rN+ Will+}
   (Okawaru gifted it to you on level 4 of the Lair of Beasts)

   rN+:       It protects you from negative energy.
   Will+:     It increases your willpower.
 D - a +0 pair of boots (worn)
 G - a +0 kite shield of cold resistance (worn)
Jewellery
 c - an amulet of magic regeneration
 i - a +4 ring of protection (left hand)
 k - a ring of see invisible
 l - a ring of protection from fire
 u - a ring of protection from fire (right hand)
 C - a ring of willpower
 H - an amulet of the acrobat (around neck)
 I - a ring of wizardry
Wands
 m - a wand of quicksilver (3)
 p - a wand of iceblast (5)
 q - a wand of polymorph (17)
 w - a wand of flame (3)
 A - a wand of mindburst (11)
Scrolls
 d - 4 scrolls of immolation
 f - 2 scrolls of torment
 g - 6 scrolls of teleportation
 j - 3 scrolls of vulnerability
 n - a scroll of amnesia
 o - a scroll of revelation
 r - 2 scrolls of fear
 s - 2 scrolls of brand weapon
 t - 10 scrolls of identify
 v - 2 scrolls of enchant weapon
 E - 2 scrolls of butterflies
 F - 2 scrolls of noise


   Skills:
 - Level 15.0(20.0) Fighting
 - Level 12.0(17.0) Maces & Flails
 - Level 3.0(8.0) Throwing
 + Level 8.6(13.6) Armour
 - Level 3.0(8.0) Dodging
 + Level 5.1(10.1) Shields
 - Level 8.0 Invocations


You had 13 spell levels left.
You didn't know any spells.
Your spell library contained the following spells:

 Spells                   Type           Power      Damage    Failure   Level
 Apportation              Tloc           0%         N/A       95%         1
 Slow                     Hex            0%         N/A       95%         1
 Ensorcelled Hibernation  Hex/Ice        0%         N/A       99%         2
 Jinxbite                 Hex            0%         N/A       99%         2
 Passwall                 Tmut/Erth      0%         N/A       99%         2
 Static Discharge         Conj/Air       0%         3-3/arc   99%         2
 Confusing Touch          Hex            0%         N/A       100%        3
 Sigil of Binding         Hex            0%         N/A       100%        3
 Swiftness                Air            0%         N/A       100%        3
 Vampiric Draining        Necr           0%         2d6       100%        3
 Airstrike                Air            0%         2d(0-16)  100%        4
 Manifold Assault         Tloc           0%         N/A       100%        4
 Passage of Golubria      Tloc           0%         N/A       100%        4
 Alistair's Intoxication  Tmut/Pois      0%         N/A       100%        5
 Silence                  Hex/Air        0%         N/A       100%        5
 Yara's Violent Unravell  Hex/Tmut       0%         3d3       100%        5
 Dispersal                Tloc           0%         N/A       100%        6
 Disjunction              Tloc           0%         N/A       100%        8
 Lehudib's Crystal Spear  Conj/Erth      0%         10d2      100%        8
 Tukima's Dance           Hex            Unusable   N/A       N/A         3
 Summon Lightning Spire   Summ/Air       Unusable   N/A       N/A         4

Dungeon Overview and Level Annotations

Branches:
Dungeon (13/15)            Temple (1/1) D:7            Lair (4/5) D:9
  Swamp (0/4) Lair:3        Snake (0/4) Lair:2          Orc (0/2) D:12
 Vaults (0/5) D:13          IceCv (visited)
  Slime: Lair:4-5

Altars:
Ashenzari
Cheibriados
Dithmenos
Fedhas
Gozag
Hepliaklqana
Kikubaaqudgha
Makhleb
Nemelex Xobeh
Okawaru
Qazlal
Ru
Sif Muna
Trog
Uskayaw
Vehumet
Wu Jian
Xom
Yredelemnul

Shops:
D:4 :   D:11 [=:

Annotations:
D:4 Edmund
D:11 1 runed translucent door, iTOUCHurSTICK's ghost, journeyman GrFi
Lair:1 exclusion: oklob plant
Lair:4 exclusion: oklob plant


Innate Abilities, Weirdness & Mutations

You are immune to poison.
Your flesh is cold resistant. (rC+)
You are immune to negative energy. (rN+++)
You are immune to unholy pain and torment.
You are vulnerable to heat. (rF-)
You are strongly in touch with the powers of death.
You do not drink.
You have a special connection with the divine. (Faith)


Message History

The +3 long sword hits you. The +3 long sword hits you!
The +3 long sword attacks as it pursues you!
The +3 long sword closely misses you. The +3 long sword hits you!
* * * LOW HITPOINT WARNING * * *
There is a stone staircase leading up here.
The +4 long sword hits you but does no damage.
The +3 long sword hits you.
* * * LOW HITPOINT WARNING * * *
You block the +4 long sword's attack. You block the +3 long sword's attack.
You climb upwards.
The +3 long sword enters a dispersal trap!
You blink.
You stop ascending the stairs.
The +3 long sword blinks!
The +4 long sword attacks as it pursues you!
The +4 long sword hits you!
* * * LOW HITPOINT WARNING * * *
You block the +4 long sword's attack. You block the +4 long sword's attack.
The +4 long sword attacks as it pursues you!
The +4 long sword hits you but does no damage.
You block the +3 long sword's attack.
There is a stone staircase leading up here.
As you read the scroll of teleportation, it crumbles to dust.
You feel strangely unstable.
The +4 long sword hits you but does no damage.
The +3 long sword hits you!
* * * LOW HITPOINT WARNING * * *
The +4 long sword hits you but does no damage.
Unknown command.
Okay, then.
You can't drink.
You gain the combat prowess of a mighty hero.
You block the +3 long sword's attack.
The +4 long sword completely misses you.
The +3 long sword closely misses you. The +4 long sword hits you.
* * * LOW HITPOINT WARNING * * *
Unknown command.
You completely miss the +3 long sword. The +3 long sword hits you.
You die...

#...........# ####.T
#...........############## #..^..
##.........#################.####
##...#...################...#
######..#######.....####.###
##(######.......#...#
#.#####..........###
#.#####..........########
#.(.))).@(............!..
#######)(.......#########
#####.........##### #
#####.............#####
#####.........###......
#####.........######..#
#####.........## #...
#####.........## ##.#
##....^..########)#


You could see 2 dancing weapons.

Vanquished Creatures
  Gastronok (D:12)
  Snorg (D:12)
  6 hydras
  A boulder beetle (D:10)
  A centaur warrior (D:10)
  3 two-headed ogres
  5 death yaks (Lair:4)
  3 tengu warriors
  Lodul (D:12)
  A glowing orange brain (shapeshifter) (D:13)
  An obsidian statue (D:10)
  A deep elf pyromancer (D:13)
  2 ugly things
  3 cyclopes
  Maurice (D:9)
  16 elephants
  2 black mambas (Lair:3)
  A torpor snail (Lair:3)
  2 ice statues (IceCv)
  Joseph (D:7)
  8 cane toads
  Jeremiah (D:8)
  2 ice devils (D:12)
  6 kobold demonologists
  2 rime drakes
  8 komodo dragons
  A tengu conjurer (D:12)
  2 freezing wraiths
  2 polar bears
  A tyrant leech (Lair:3)
  4 trolls
  Prince Ribbit (D:7)
  14 blink frogs
  3 slime creatures (D:11)
  A centaur simulacrum (D:12)
  A shadow (D:11)
  3 wraiths
  27 yaks
  A vampire (D:13)
  Eustachio (D:6)
  3 basilisks
  A golden eye (shapeshifter) (D:10)
  A wyvern (D:9)
  2 steam dragons
  2 vampire mosquitoes (D:13)
  Grum (D:8)
  A harpy simulacrum (IceCv)
  2 nagas (Lair:2)
  2 swamp worms (Lair:3)
  2 acid dragons
  8 water moccasins
  An ice beast (D:3)
  A sky beast (D:6)
  A black bear (D:7)
  3 wolves (D:7)
  10 centaurs
  14 ogres
  2 phantoms
  4 kobold brigands
  A gnoll sergeant (D:9)
  3 cane toad simulacra (IceCv)
  2 scorpions (D:5)
  9 bullfrogs
  5 wights (D:7)
  An elephant simulacrum (IceCv)
  8 killer bees
  5 howler monkeys
  A gnoll bouda (D:9)
  7 orc priests
  5 hounds
  7 iguanas
  4 sleepcaps
  2 orc wizards
  16 gnolls
  11 adders
  2 shadow imps
  A white imp (D:8)
  3 ufetubi
  6 dart slugs
  27 orcs
  9 ball pythons
  8 bats
  6 endoplasms
  4 giant cockroaches
  6 goblins
  6 hobgoblins
  7 jackals
  17 kobolds
  2 quokkas (D:5)
  3 frilled lizards
  6 rats
403 creatures vanquished.

Notes
Turn   | Place    | Note
-------+----------+-------------------------------------------
     0 | D:1      | oldriver the Mummy Fighter began the quest for the Orb.
     0 | D:1      | Reached XP level 1. HP: 18/18 MP: 1/1
   181 | D:1      | Reached XP level 2. HP: 21/24 MP: 2/2
   708 | D:2      | Reached XP level 3. HP: 21/29 MP: 3/3
  1008 | D:2      | Found a faded altar of an unknown god.
  1020 | D:2      | Found a stormy altar of Qazlal.
  1301 | D:3      | Found an ornate altar of the Wu Jian Council.
  1301 | D:3      | Found an ancient bone altar of Kikubaaqudgha.
  1319 | D:3      | Found a hazy altar of Hepliaklqana.
  1351 | D:3      | Reached XP level 4. HP: 37/37 MP: 4/4
  1412 | D:3      | Noticed an ice beast
  1420 | D:3      | Killed an ice beast
  1421 | D:3      | Reached skill level 4 in Fighting
  1421 | D:3      | Reached XP level 5. HP: 37/42 MP: 5/5
  1745 | D:3      | Identified the +6 hand axe of Veqaarao {flame, Fly Str-3
                  | SInv Stlth-}
  2233 | D:4      | Reached XP level 6. HP: 40/49 MP: 6/6
  2482 | D:4      | Noticed Edmund
  2841 | D:4      | Reached skill level 5 in Fighting
  2841 | D:4      | Reached skill level 5 in Maces & Flails
  2893 | D:4      | Found Yticeub's Vocational Training.
  3093 | D:5      | Entered Level 5 of the Dungeon
  3096 | D:5      | Found a radiant altar of Vehumet.
  3121 | D:5      | Reached XP level 7. HP: 36/56 MP: 7/7
  3241 | D:5      | Found a sacrificial altar of Ru.
  3246 | D:5      | Found a hide-covered altar of Uskayaw.
  3249 | D:5      | Found a burning altar of Makhleb.
  3271 | D:5      | Identified the +5 chain mail "Xeowigam" {rPois}
  3733 | D:5      | Reached skill level 1 in Dodging
  3827 | D:5      | Reached XP level 8. HP: 64/64 MP: 8/8
  3992 | D:5      | Reached skill level 6 in Fighting
  4426 | D:6      | Noticed Eustachio
  4833 | D:6      | Killed Eustachio
  4834 | D:6      | Reached skill level 7 in Fighting
  5084 | D:6      | Reached XP level 9. HP: 53/72 MP: 9/9
  5397 | D:7      | Noticed Joseph
  5410 | D:7      | Killed Joseph
  5827 | D:7      | Found a staircase to the Ecumenical Temple.
  6423 | Temple   | Entered the Ecumenical Temple
  6439 | Temple   | Became a worshipper of Warmaster Okawaru
  6761 | D:8      | Noticed Grum
  6898 | D:8      | Noticed Prince Ribbit
  6930 | D:7      | Killed Prince Ribbit
  6931 | D:7      | Reached skill level 8 in Fighting
  7045 | D:8      | Reached * piety under Okawaru
  7102 | D:8      | Noticed Jeremiah
  7335 | D:8      | Killed Grum
  7336 | D:8      | Reached XP level 10. HP: 80/80 MP: 10/10
  7378 | D:9      | Noticed Maurice
  7395 | D:9      | Maurice stole the +6 hand axe of Veqaarao {flame, Fly Str-3
                  | SInv Stlth-}
  7403 | D:9      | Something stole a ring of ice
  7410 | D:9      | Something stole 695 gold
  7420 | D:9      | Something stole 19 gold
  7422 | D:9      | Killed Maurice
  7422 | D:9      | Reached ** piety under Okawaru
  7533 | D:8      | Found a blossoming altar of Fedhas.
  7941 | D:8      | Killed Jeremiah
  8239 | D:9      | Reached *** piety under Okawaru
  8253 | D:9      | Reached skill level 1 in Invocations
  8278 | D:9      | Reached skill level 9 in Fighting
  8304 | D:9      | Reached skill level 10 in Maces & Flails
  8312 | D:9      | Found a staircase to the Lair.
  8390 | D:9      | Noticed an orange demon
  8398 | D:9      | Noticed a rust devil
  8623 | D:9      | Noticed a two-headed ogre
  8649 | D:9      | Killed a two-headed ogre
  8649 | D:9      | Reached **** piety under Okawaru
  8915 | Lair:1   | Entered Level 1 of the Lair of Beasts
  8922 | Lair:1   | Noticed an elephant
  8922 | Lair:1   | Noticed an elephant
  8922 | Lair:1   | Noticed an elephant
  8923 | Lair:1   | Noticed an elephant
  8923 | Lair:1   | Noticed a cane toad
  8950 | Lair:1   | Killed an elephant
  8973 | D:9      | Killed an elephant
  8974 | D:9      | Reached skill level 5 in Armour
  8974 | D:9      | Reached XP level 11. HP: 82/89 MP: 13/13
  9388 | Lair:1   | Reached ***** piety under Okawaru
  9571 | Lair:1   | Reached skill level 10 in Fighting
  9580 | Lair:1   | Received a gift from Okawaru
  9739 | Lair:1   | Noticed an oklob plant
 10315 | Lair:2   | Noticed an eight-headed hydra
 10335 | Lair:2   | Killed an eight-headed hydra
 10970 | Lair:2   | Reached skill level 11 in Fighting
 11112 | Lair:2   | Found a staircase to the Snake Pit.
 11273 | Lair:2   | You fall into a shaft and drop 2 floors!
 11307 | Lair:4   | Received a gift from Okawaru
 11308 | Lair:4   | Reached XP level 12. HP: 81/100 MP: 12/14
 11522 | Lair:4   | Noticed a death yak
 11522 | Lair:4   | Noticed a death yak
 11565 | Lair:4   | Noticed a death yak
 11582 | Lair:4   | Noticed a death yak
 11583 | Lair:4   | Killed a death yak
 11610 | Lair:4   | Killed a death yak
 11611 | Lair:4   | Reached skill level 12 in Fighting
 11611 | Lair:4   | Noticed a death yak
 11658 | Lair:4   | Killed a death yak
 11667 | Lair:4   | Killed a death yak
 11698 | Lair:4   | Killed a death yak
 12064 | Lair:4   | Received a gift from Okawaru
 12188 | Lair:4   | Reached skill level 13 in Fighting
 13011 | Lair:4   | Reached ****** piety under Okawaru
 13016 | Lair:4   | Acquired a +2 heavy broad axe
 13016 | Lair:4   | Received a gift from Okawaru
 13017 | Lair:4   | Acquired the +0 hat of Enniud {rN+ Will+}
 13017 | Lair:4   | Received a gift from Okawaru
 13513 | Lair:3   | Received a gift from Okawaru
 13610 | Lair:3   | Reached skill level 5 in Invocations
 13675 | Lair:3   | Noticed a five-headed hydra
 13694 | Lair:3   | Killed a five-headed hydra
 14174 | Lair:3   | Noticed a four-headed hydra
 14191 | Lair:3   | Killed a four-headed hydra
 14192 | Lair:3   | Gained mutation: You are strongly in touch with the powers
                  | of death. [Mummy growth]
 14192 | Lair:3   | Reached XP level 13. HP: 107/112 MP: 16/16
 14361 | Lair:3   | Received a gift from Okawaru
 14744 | Lair:3   | Found a staircase to the Swamp.
 14861 | Lair:3   | Reached skill level 14 in Fighting
 15179 | Lair:3   | Identified a scroll of acquirement
 15180 | Lair:3   | Acquired a ring of protection from fire
 15454 | Lair:3   | Received a gift from Okawaru
 15679 | D:10     | Entered Level 10 of the Dungeon
 16448 | D:10     | Found a transporter.
 16464 | D:10     | Found a transporter.
 16919 | D:11     | Found Wiymn's Book Emporium.
 16976 | D:11     | Reached skill level 1 in Throwing
 17124 | D:11     | Found Caur's Jewellery Shoppe.
 17278 | D:11     | Found Sada's Antique Armour Emporium.
 17395 | D:11     | Found a runed translucent door.
 17398 | D:11     | Noticed iTOUCHurSTICK's ghost (journeyman GrFi)
 17788 | D:12     | Noticed Lodul
 17807 | D:12     | Killed Lodul
 17807 | D:12     | Received a gift from Okawaru
 17830 | D:12     | Found a staircase to the Orcish Mines.
 17864 | D:12     | Noticed Gastronok
 18080 | D:12     | Noticed Snorg
 18150 | D:12     | Killed Snorg
 18216 | D:12     | Found a frozen archway.
 18590 | IceCv    | Entered an ice cave
 18935 | IceCv    | Found a transporter.
 18956 | IceCv    | Found a transporter.
 19330 | D:12     | Killed Gastronok
 19872 | D:10     | Identified the amulet of Zycwyif {RegenMP rPois rF+ Will-}
 19874 | D:10     | Identified the +7 dagger of the Silent Majority {heavy, rF+
                  | Int+4 Dex-5}
 20357 | D:9      | Reached XP level 14. HP: 78/121 MP: 19/19
 20893 | D:11     | Bought an amulet of the acrobat for 480 gold pieces
 21074 | D:13     | Reached skill level 15 in Fighting
 21977 | D:12     | Reached skill level 5 in Shields
 22351 | D:13     | Found a gate to the Vaults.
 22399 | D:12     | HP: 5/123 [+4 long sword (2)]
 22400 | D:12     | Slain by a +3 long sword

Illustrated notes

Levels and vault maps discovered:
D:1:      dpeg_arrival_rhombi, layout_rooms, chequers_serial_rivers_large_a
D:2:      layout_rooms, basic_altar, chequers_ecumenical_altar_twisty,
          dreamdust_wishing_well, grunt_decor_arrowhead
D:3:      layout_basic, gammafunk_temple_overflow_forgotten, chequers_avenue
D:4:      layout_basic, nicolae_shop_vocational, uniq_edmund
D:5:      minmay_polygon_palace, layout_basic,
          nicolae_overflow_macrodata_refinement
D:6:      layout_loops_ring, uniq_eustachio
D:7:      layout_loops_corners, minmay_temple_entry_trees, uniq_joseph
D:8:      layout_rooms, fedhas_altar_2, st_stairs_1,
          chequers_serial_rivers_room_b, uniq_jeremiah, uniq_grum,
          uniq_prince_ribbit1
D:9:      layout_roguey, lair_entry_dummy, serial_curves, eino_curves_04,
          eino_curves_02, uniq_maurice
D:10:     gammafunk_sealed_arena, layout_loops_cross,
          minmay_misc_feat_four_crosses, minmay_statues_item
D:11:     layout_loops_ring, ebering_ghost_reflecting_pool, serial_shops, shop,
          nicolae_stop_n_shop_1, shop
D:12:     layout_rooms, orc_0_dummy, portal_ice_cave_demonic_guard,
          uniq_gastronok, uniq_lodul, uniq_snorg
D:13:     layout_rooms, erik_vaults_1
Temple:   jpeg_temple_clearing
Lair:1:   minmay_lair_oklob_chamber, layout_loops_ring
Lair:2:   layout_roguey, minmay_snake_entry_guardpost_small
Lair:3:   layout_chaotic_city, palyth_hydra_swamp_entry, lemuel_fruit_tree
Lair:4:   dpeg_oklob_gauntlet, layout_cave_pods

Skill      XL: |  1  2  3  4  5  6  7  8  9 10 11 12 13 14 |
---------------+-------------------------------------------+-----
Maces & Flails | 2 3 4 5 6 7 9 10 12 | 12.0
Fighting       | 4 5 7 8 9 11 13 14 15 | 15.0
Dodging        | 1 2 3 |  3.0
Armour         | 3 5 6 7 8 |  8.6
Shields        | 3 4 5 |  5.1
Invocations    | 3 5 7 8 |  8.0
Throwing       | 3 |  3.0

Action                     |  1- 3 |  4- 6 |  7- 9 | 10-12 | 13-15 || total
---------------------------+-------+-------+-------+-------+-------++-------
  Melee: Flail             |    84 |       |       |       |       ||    84
         Whip              |    55 |   177 |   815 |  1760 |  1602 ||  4409
  Throw: Dart              |       |    12 |       |       |     2 ||    14
 Invoke: Heroism           |       |       |       |    10 |    14 ||    24
         Finesse           |       |       |       |     1 |     7 ||     8
         Receive Weapon    |       |       |       |     1 |       ||     1
         Receive Armour    |       |       |       |     1 |       ||     1
  Evoke: Wand              |       |       |     5 |     1 |     9 ||    15
    Use: Scroll            |     7 |     2 |     7 |     1 |     9 ||    26
 Armour: Scale mail        |   112 |   128 |    13 |       |       ||   253
         Chain mail        |       |       |   719 |  1110 |  1272 ||  3101
  Dodge: Dodged            |    82 |    78 |   367 |   454 |   498 ||  1479
  Block: Buckler           |    34 |    34 |   194 |   234 |   141 ||   637
         Kite shield       |       |       |       |       |   270 ||   270

Table legend: (Time is in decaauts)
 A = Elapsed time spent in this place.
 B = Non-inter-level travel time spent in this place.
 C = Inter-level travel time spent in this place.
 D = Time resting spent in this place.
 E = Time spent auto-exploring this place.
 F = Levels seen in this place.
 G = Mean time per level.
                   A        B        C        D        E       F      G
               +--------+--------+--------+--------+--------+-----+--------+
         Total |  20734 |  19502 |   1232 |   4205 |  10043 |  19 | 1091.3 |
       Dungeon |  14265 |  13564 |    701 |   2766 |   7154 |  13 | 1097.3 |
        Temple |     32 |      1 |     31 |      0 |      0 |   1 |   32.0 |
          Lair |   5796 |   5297 |    499 |    969 |   2878 |   4 | 1449.0 |
      Ice Cave |    639 |    639 |      0 |    470 |     10 |   1 |  639.0 |
               +--------+--------+--------+--------+--------+-----+--------+

Top non-repeatable levels by time:
  Lair:4: 2190 daAuts
     D:7: 1858 daAuts
    D:10: 1595 daAuts
    D:12: 1544 daAuts
  Lair:3: 1457 daAuts
     D:9: 1416 daAuts
     D:5: 1256 daAuts
    D:11: 1161 daAuts
  Lair:2: 1131 daAuts
  Lair:1: 1017 daAuts
     D:3: 999 daAuts
     D:6: 862 daAuts
     D:4: 816 daAuts
    D:13: 805 daAuts
     D:1: 718 daAuts
